cohdb
Replays
Latest Replays
All Replays
Popular Replays
Top Player Replays
Match Explorer
How It Works
Community
CoH3 Stats
Reddit
Sign in to upload your games and track your stats! →
Sign in with Steam
Match 41454930
Unlisted
Match 41454930
Overview
Messages
Build Orders
End
Construct Infanterie Kompanie
Selects Terror Battlegroup
Selects Machine Gun Camouflage
MG 42 Machine Gun Team
MG 42 Machine Gun Team
GrW 34 Mortar Team
MG 42 Machine Gun Team
Construct Luftwaffe Kompanie
Jäger Squad
Luftwaffe Officer Quarters
Selects Defend the Fatherland
Jäger Squad
Support Elements
Wirbelwind Flakpanzer
Defend the Fatherland
Selects Contempt for the Weak
Medical Bunker
Construct Panzergrenadier Kompanie
Forward Retreat Point
Side Skirts
Nebelwerfer 42 Rocket Launcher Team
Marder III M Tank Destroyer
Marder III M Tank Destroyer
Marder III M Tank Destroyer
Selects King Tiger Heavy Tank
Medical Bunker
King Tiger Heavy Tank
书院三师姐
CUI
我真的不是驴
Gage
Monkey CPU
사람이왜살지
Miudai
YangXYZ
0
0
Comments
sign in to comment!
No comments posted yet!